 Dungeon Crawl Stone Soup version 0.32-a0-953-g508020473e (webtiles) character file.

Game seed: 287353513752894617

9327 Gadrel the Reanimator (level 11, 0/63 HPs)
             Began as a Tengu Necromancer on Apr 16, 2024.
             Was a Believer of Vehumet.
             Slain by a troll (3 damage)
             ... on level 9 of the Dungeon.
             The game lasted 00:43:14 (12557 turns).

Gadrel the Reanimator (Tengu Necromancer)          Turns: 12557, Time: 00:43:15

Health: 0/63       AC:  7    Str:  7    XL:     11   Next: 44%
Magic:  1/19       EV: 15    Int: 30    God:    Vehumet [**....]
Gold:   664        SH:  0    Dex: 13    Spells: 1/22 levels left

rFire   . . .        b - +2 dagger (venom)
rCold   + . .        (no shield)
rNeg    . . .        A - +0 steam dragon scales
rPois   .            (helmet restricted)
rElec   +            (no cloak)
rCorr   +            p - +1 pair of gloves of the Sun {rF+ Int+5}
SInv    .            (boots unavailable)
Will    .....        (no amulet)
Stlth   ++           X - ring of resist corrosion
HPRegen 0.30/turn    D - ring "Fempuosch" {Ice rElec}
MPRegen 0.16/turn

%: acrobat, clarity
@: flying
A: beak, talons 3, evasive flight, acrobatic, clarity, clever 1, low MP 1
a: Renounce Religion


You were on level 9 of the Dungeon.
You worshipped Vehumet.
Vehumet was pleased with you.
You visited 2 branches of the dungeon, and saw 10 of its levels.
You also visited: Sewer and Bailey.

You collected 664 gold pieces.

Inventory:

Hand Weapons
 b - a +2 dagger of venom (weapon)
   (You took it off a goblin on level 4 of the Dungeon)
 c - a +2 halberd of flaming
   (You took it off Maggie on level 7 of the Dungeon)
 i - a +0 sling
   (You found it on level 1 of the Dungeon)
 z - a +4 whip
   (You took it off an orc on level 6 of the Dungeon)
 I - a +0 broad axe
   (You took it off an orc warrior in a bailey)
Missiles
 k - a curare-tipped dart
 m - 33 poisoned darts
 n - 2 darts of dispersal {=f}
 s - 60 stones
 v - 6 boomerangs
Armour
 p - the +1 pair of gloves of the Sun (worn) {rF+ Int+5}
   (You acquired it in a bailey)

   Int+5:     It affects your intelligence (+5).
   rF+:       It protects you from fire.
 A - +0 steam dragon scales (worn)
   (You took it off Maggie on level 7 of the Dungeon)
 L - the +1 ring mail "Jorupp" {+Blink rC- Stlth+}
   (You found it in a bailey)

   rC-:       It makes you vulnerable to cold.
   +Blink:    It lets you blink.
   Stlth+:    It makes you more stealthy.
Magical Staves
 a - the staff "Itiunutu" {rPois MP+9 Dex-2 Hexes Alchemy}
   (You took it off a vampire on level 8 of the Dungeon)

   [staff of alchemy]

   Base accuracy: +5 Base damage: 5 Base attack delay: 1.2 This weapon's minimum
   attack delay (0.6) is reached at skill level 12.
   Dex-2:     It affects your dexterity (-2).
   rPois:     It protects you from poison.
   MP+9:      It affects your magic capacity (+9).
   Hexes:     It increases the power of your Hexes spells.
   Alchemy:   It increases the power of your Alchemy spells.
   It falls into the 'Staves' category.
   It is a one-handed weapon.
Jewellery
 D - the ring "Fempuosch" (right hand) {Ice rElec}
   (You found it on level 7 of the Dungeon)

   [ring of ice]

   Ice:       It enhances your ice magic.
   rF-:       It makes you vulnerable to fire.
   rC+:       It protects you from cold.
   rElec:     It insulates you from electricity.
 P - a ring of poison resistance {rPois, !d}
   (You found it on level 4 of the Dungeon)
 V - a ring of see invisible {sInv, !d}
   (You took it off a centaur on level 8 of the Dungeon)
 X - a ring of resist corrosion (left hand)
   (You found it on level 5 of the Dungeon)
Wands
 j - a wand of polymorph (4)
   (You found it on level 5 of the Dungeon)
 q - a wand of flame (10)
   (You found it on level 6 of the Dungeon)
 y - a wand of mindburst (26)
   (You found it on level 5 of the Dungeon)
 B - a wand of quicksilver (4)
   (You found it on level 7 of the Dungeon)
Scrolls
 e - a scroll of poison {!r}
 g - 8 scrolls of enchant armour
 h - 2 scrolls of vulnerability {unknown}
 o - 2 scrolls of enchant weapon
 r - 2 scrolls of fog
 t - a scroll of summoning {unknown}
 u - a scroll of torment {!r}
 w - 2 scrolls of revelation {unknown}
 F - a scroll of brand weapon {unknown}
 G - a scroll of blinking {unknown}
 K - 2 scrolls of immolation {!r}
 Y - 2 scrolls of teleportation {@r3}
Potions
 d - a potion of lignification {unknown}
 f - 2 potions of degeneration {unknown}
 l - 2 potions of cancellation {unknown}
 x - a potion of haste {unknown}
 C - a potion of berserk rage {unknown}
 E - a potion of invisibility {unknown}
 H - a potion of might {unknown}
 J - 3 potions of curing {@q1}
 M - 3 potions of magic
 N - 2 potions of heal wounds {@q2}
 U - 3 potions of mutation {!q}


   Skills:
 - Level 5.0 Fighting
 - Level 2.1 Dodging
 - Level 2.0 Stealth
 - Level 6.0 Spellcasting
 + Level 8.6 Conjurations
 - Level 5.1 Summonings
 - Level 12.0 Necromancy
 - Level 5.0 Ice Magic
 + Level 8.6 Air Magic
 - Level 1.0 Evocations


You had one spell level left.
You knew the following spells:

 Your Spells              Type           Power      Damage    Failure   Level
a - Necrotise             Necr           100%       1d9       1%          1
b - Freezing Cloud        Conj/Ice/Air   34%        6-21      7%          5
x - Vampiric Draining     Necr           69%        2d10      1%          3
A - Animate Dead          Necr           69%        N/A       1%          4
K - Martyr's Knell        Necr/Summ      57%        N/A       1%          4
U - Dispel Undead         Necr           69%        3d23      1%          4

Your spell library contained the following spells:

 Spells                   Type           Power      Damage    Failure   Level
 Inner Flame              Hex/Fire       9%         N/A       16%         3
 Magic Dart               Conj           100%       1d8       1%          1
 Shock                    Conj/Air       100%       1d9       1%          1
 Apportation              Tloc           18%        N/A       5%          1
 Cigotuvi's Dreadful Rot  Necr/Alch/Air  100%       N/A       1%          2
 Searing Ray              Conj           100%       2d8       1%          2
 Frozen Ramparts          Ice            100%       1d16      1%          3
 Fugue of the Fallen      Necr           69%        N/A       1%          3
 Mephitic Cloud           Conj/Alch/Air  43%        N/A       1%          3
 Ozocubu's Armour         Ice            55%        N/A       1%          3
 Swiftness                Air            57%        N/A       1%          3
 Curse of Agony           Necr           69%        N/A       1%          5
 Ensorcelled Hibernation  Hex/Ice        72%        N/A       2%          2
 Dazzling Flash           Conj/Hex       70%        N/A       2%          3
 Anguish                  Hex/Necr       22%        N/A       4%          4
 Iskenderun's Battlesphe  Conj           57%        2d11      4%          5
 Jinxbite                 Hex            18%        N/A       8%          2
 Confusing Touch          Hex            9%         N/A       16%         3
 Passwall                 Erth           9%         N/A       16%         3
 Silence                  Hex/Air        17%        N/A       26%         5
 Ignite Poison            Fire/Alch      9%         N/A       45%         4
 Metabolic Englaciation   Hex/Ice        18%        N/A       45%         5
 Alistair's Intoxication  Alch           6%         N/A       82%         5
 Spellforged Servitor     Conj/Summ      25%        N/A       95%         7


Dungeon Overview and Level Annotations

Branches:
Dungeon (9/15)             Temple (1/1) D:7           Sewer (visited)
 Bailey (visited)
   Lair: D:8-11         Orc: D:9-12

Altars:
Ashenzari
Cheibriados
Dithmenos
Elyvilon
Fedhas
Gozag
Hepliaklqana
Kikubaaqudgha
Makhleb
Nemelex Xobeh
Okawaru
Qazlal
Ru
Sif Muna
Trog
Uskayaw
Vehumet
Wu Jian
Xom
Zin
The Shining One

Annotations:
D:2 exclusion: phantom, Jessica
D:8 ool


Innate Abilities, Weirdness & Mutations

You have a beak for a mouth.
You have claws for feet.
Your magical flight helps you evade attacks. (EV +4)
You can magically evade attacks while moving or waiting.
You possess an exceptional clarity of mind.
Your mind is acute. (Int +4, Str/Dex -1)
Your magical capacity is low. (-10% MP)


Message History

Unknown command.
The troll shouts!
Press: ? - help, Dir - move target, f - troll
Aim: a troll You feel a surge of power!
The troll is engulfed in freezing vapours.
You now have 23/28 mp.
Press: ? - help, Shift-Dir - straight line, f/p - troll
Aim: a troll (freezing vapour, lightly wounded)
You draw life force from the troll!
The troll is engulfed in freezing vapours.
The troll bites you. The troll closely misses you. The troll barely misses you.
You take 1 damage, and have 62/63 hp.
You now have 20/28 mp.
You hit the troll but do no damage. Your kick misses the troll.
The troll is engulfed in freezing vapours.
You kill the troll!
Vehumet accepts your kill.
You feel your power returning.
The troll leather armour is intact enough to wear.
Health restored: 63
There is an open door here.
There is an open door here.
As you open the door, it creaks loudly!
You hear an angry buzzing noise.
A hornet comes into view.
Found a scroll of fear and 9 stones.
Found an escape hatch in the floor.
MP restored: 28
Press: ? - help, Dir - move target You feel a surge of power!
The hornet is engulfed in freezing vapours.
You now have 23/28 mp.
Press: ? - help, Shift-Dir - straight line, f - hornet
Aim: a hornet (moderately wounded)
You draw life force from the hornet!
The hornet completely misses you. The hornet misses you.
You now have 20/28 mp.
Press: ? - help, Shift-Dir - straight line, f/p - hornet
Aim: a hornet (severely wounded)
You draw life force from the hornet!
The hornet barely misses you.
You now have 17/28 mp.
Press: ? - help, Shift-Dir - straight line, f/p - hornet
Aim: a hornet (almost dead)
You draw life force from the hornet!
You kill the hornet!
Vehumet accepts your kill.
A troll comes into view.
You now have 15/28 mp.
Press: ? - help, Shift-Dir - straight line, f - troll
Aim: a troll You draw life force from the troll!
The troll bites you. The troll barely misses you.
The troll completely misses you.
You take 2 damage, and have 61/63 hp.
You now have 12/28 mp.
Press: ? - help, Shift-Dir - straight line, f/p - troll
Aim: a troll (moderately wounded)
You draw life force from the troll.
You feel life coursing into your body. The troll bites you.
The troll barely misses you. The troll claws you.
You take 2 damage, and have 59/63 hp.
You now have 9/28 mp.
Press: ? - help, Shift-Dir - straight line, f/p - troll
Aim: a troll (moderately wounded)
You draw life force from the troll.
You feel life coursing into your body. The troll bites you but does no damage.
The troll claws you! The troll barely misses you.
You take 6 damage, and have 53/63 hp.
You now have 6/28 mp.
Press: ? - help, Shift-Dir - straight line, f/p - troll
Aim: a troll (moderately wounded)
You draw life force from the troll!
You feel life coursing into your body! The troll bites you!
The troll claws you but does no damage. The troll misses you.
You now have 3/28 mp.
Press: ? - help, Shift-Dir - straight line, f/p - troll
Aim: a troll (severely wounded)
You draw life force from the troll!
You feel life coursing into your body. The troll bites you.
The troll closely misses you. x2
You now have 1/28 mp.
You don't have enough magic to cast this spell.
You barely miss the troll. Your kick misses the troll.
Your peck misses the troll. The troll closely misses you. The troll claws you!
The troll closely misses you.
You take 10 damage, and have 45/63 hp.
You hit the troll. Your kick misses the troll. You peck the troll.
The troll barely misses you. The troll closely misses you.
The troll completely misses you.
You feel your magic capacity decrease.
Your +2 dagger of venom begins to drip with poison!
b - a +2 dagger of venom (weapon)
The troll barely misses you. The troll misses you.
The troll closely misses you.
You now have 0/19 mp.
You hit the troll. Your kick misses the troll. Your peck misses the troll.
The troll closely misses you. x2; The troll completely misses you.
You hit the troll.
The troll is poisoned.
The troll bites you! The troll completely misses you. The troll claws you!
You take 25 damage, and have 21/63 hp.
MASSIVE DAMAGE!!
You hit the troll but do no damage.
The troll looks even sicker.
Your peck misses the troll. The troll bites you!
* * * LOW HITPOINT WARNING * * *
The troll claws you!
* * * LOW HITPOINT WARNING * * *
The troll claws you.
You die...

........# #.#.....# #.....
........# ####.#####.### #.....
........# #......#.....#####.....
....(...# #.####.#.###....##.....
........###.##...#...####..'.....
........'...##.#####.# ####.....
........######.#.....# #.....
+######## #####.### ###'## #.@..#
#.# #T#### ##.# §°§ #..# #.§§
#[## #.§§ #'# #(§° ... #... .....
#... +...... #......


You could see a troll (very poisoned).

Vanquished Creatures
  An orc high priest (Bailey)
  2 orc knights (Bailey)
  An ugly thing (D:9)
  Maggie (D:7)
  A kobold demonologist (Bailey)
  2 trolls (D:9)
  A hornet (D:9)
  2 vampires
  A wraith (D:9)
  2 wyverns
  A yak (D:6)
  2 steam dragons (D:7)
  Menkaure (D:6)
  A water moccasin (D:8)
  2 sky beasts
  11 orc warriors (Bailey)
  An ice beast (D:6)
  An ogre (D:6)
  2 centaurs
  3 phantoms
  6 bullfrogs
  2 kobold brigands (D:8)
  3 scorpions
  5 wights (D:8)
  8 killer bees
  6 electric eels (Bailey)
  A howler monkey (D:9)
  5 bombardier beetles
  2 gnoll boudas
  3 hounds
  2 jellies
  A sleepcap (D:4)
  4 orc priests
  6 iguanas
  5 orc wizards
  15 gnolls
  8 adders
  5 river rats (Sewer)
  2 white imps
  30 orcs
  7 endoplasms
  5 giant cockroaches
  16 goblins
  11 hobgoblins
  5 jackals (D:1)
  10 quokkas
  9 ball pythons
  8 bats
  4 frilled lizards
  4 kobolds
  26 rats
263 creatures vanquished.

Vanquished Creatures (collateral kills)
  2 vampire mosquitoes (D:7)
  An orc warrior (D:6)
  An endoplasm (D:2)
  A giant cockroach (D:5)
  6 ball pythons
  4 rats (Sewer)
15 creatures vanquished.

Vanquished Creatures (others)
  4 orc zombies (D:4)
4 creatures vanquished.

Grand Total: 282 creatures vanquished

Notes
Turn   | Place    | Note
-------+----------+-------------------------------------------
     0 | D:1      | Gadrel the Tengu Necromancer began the quest for the Orb.
     0 | D:1      | Reached XP level 1. HP: 10/10 MP: 4/4
    62 | D:1      | Reached skill level 1 in Fighting
   146 | D:1      | Reached XP level 2. HP: 6/16 MP: 1/6
   338 | D:1      | Reached skill level 2 in Fighting
   780 | D:1      | Reached XP level 3. HP: 7/21 MP: 2/7
  1111 | D:1      | Learned a level 3 spell: Vampiric Draining
  1123 | D:2      | Reached skill level 5 in Necromancy
  1136 | D:2      | Noticed Jessica
  1136 | D:2      | Noticed a phantom
  2027 | D:2      | Reached XP level 4. HP: 26/26 MP: 6/9
  2408 | D:2      | Learned a level 4 spell: Animate Dead
  2554 | D:3      | Found an iron altar of Okawaru.
  2571 | D:3      | Reached skill level 3 in Spellcasting
  3392 | D:4      | Reached XP level 5. HP: 17/30 MP: 0/10
  3548 | D:4      | Reached skill level 6 in Necromancy
  4198 | D:5      | Entered Level 5 of the Dungeon
  4266 | D:5      | Reached XP level 6. HP: 23/35 MP: 2/11
  4396 | D:5      | Reached skill level 7 in Necromancy
  4620 | D:5      | Reached skill level 8 in Necromancy
  4620 | D:5      | Gained mutation: Your magical flight helps you evade
                  | attacks. (EV +4) [Tengu growth]
  4620 | D:5      | Reached XP level 7. HP: 13/40 MP: 11/13
  4633 | D:5      | Found a glowing drain.
  4714 | Sewer    | Entered a sewer
  4853 | Sewer    | Learned a level 4 spell: Dispel Undead
  4877 | Sewer    | Reached skill level 4 in Spellcasting
  5409 | D:5      | Reached skill level 3 in Fighting
  5527 | D:5      | Reached XP level 8. HP: 46/46 MP: 10/16
  6031 | D:5      | Reached skill level 5 in Spellcasting
  6099 | D:5      | Reached skill level 9 in Necromancy
  6765 | D:4      | Found a bloodstained altar of Trog.
  7424 | D:6      | Reached skill level 10 in Necromancy
  7424 | D:6      | Reached skill level 1 in Evocations
  7432 | D:6      | Learned a level 4 spell: Martyr's Knell
  7583 | D:6      | Reached skill level 1 in Summonings
  7672 | D:6      | Reached skill level 2 in Summonings
  7690 | D:6      | Noticed a yak
  7696 | D:6      | Killed a yak
  7697 | D:6      | Reached skill level 3 in Summonings
  7697 | D:6      | Reached XP level 9. HP: 44/50 MP: 8/18
  7816 | D:6      | Reached skill level 6 in Spellcasting
  8171 | D:6      | Reached skill level 4 in Fighting
  8171 | D:6      | Reached skill level 4 in Summonings
  8301 | D:7      | Noticed Maggie
  8521 | D:7      | HP: 13/52 [Maggie/bolt of fire (23)]
  8522 | D:7      | Killed Maggie
  8523 | D:7      | Reached skill level 5 in Summonings
  8662 | D:7      | Noticed Menkaure
  8672 | D:6      | Killed Menkaure
  8673 | D:6      | Reached skill level 5 in Fighting
  8768 | D:7      | Found a hide-covered altar of Uskayaw.
  8774 | D:7      | Found a sparkling altar of Nemelex Xobeh.
  8785 | D:7      | Found a glowing golden altar of the Shining One.
  8941 | D:7      | Reached skill level 11 in Necromancy
  9098 | D:7      | Found a staircase to the Ecumenical Temple.
  9107 | Temple   | Entered the Ecumenical Temple
  9127 | Temple   | Became a worshipper of Vehumet
  9150 | D:7      | Reached skill level 1 in Conjurations
  9150 | D:7      | Reached skill level 1 in Air Magic
  9261 | D:7      | Identified the ring "Fempuosch" {Ice rElec}
  9280 | D:7      | Reached skill level 1 in Ice Magic
  9386 | D:7      | Reached skill level 2 in Conjurations
  9386 | D:7      | Reached skill level 2 in Air Magic
  9388 | D:7      | Reached XP level 10. HP: 46/59 MP: 17/20
  9753 | D:7      | Learned a level 5 spell: Freezing Cloud
  9828 | D:8      | Reached skill level 2 in Ice Magic
  9828 | D:8      | Reached skill level 3 in Air Magic
  9831 | D:8      | Reached skill level 3 in Conjurations
 10100 | D:8      | Noticed a four-headed hydra
 10175 | D:8      | Reached * piety under Vehumet
 10175 | D:8      | Offered knowledge of Shock by Vehumet.
 10177 | D:8      | Identified the staff "Itiunutu" {rPois MP+9 Dex-2 Hexes
                  | Alchemy}
 10185 | D:8      | Gained mutation: Your magical capacity is low. (-10% MP)
                  | [potion of mutation]
 10185 | D:8      | Gained mutation: You possess an exceptional clarity of
                  | mind. [potion of mutation]
 10185 | D:8      | Gained mutation: Your mind is acute. (Int +4, Str/Dex -1)
                  | [potion of mutation]
 10185 | D:8      | HP: 7/59 [troll (8)]
 10276 | D:8      | Reached skill level 4 in Conjurations
 10276 | D:8      | Reached skill level 4 in Air Magic
 10614 | D:8      | Noticed a manticore
 10615 | D:8      | Noticed a fire dragon
 10710 | D:8      | Found a broken altar of Ashenzari.
 10843 | D:9      | Reached skill level 3 in Ice Magic
 10929 | D:9      | Found a flagged portal.
 11064 | Bailey   | Entered a bailey
 11205 | Bailey   | Reached skill level 5 in Air Magic
 11220 | Bailey   | Reached skill level 5 in Conjurations
 11517 | Bailey   | Reached ** piety under Vehumet
 11517 | Bailey   | Offered knowledge of Mercury Vapours by Vehumet.
 11519 | Bailey   | Reached skill level 12 in Necromancy
 11594 | Bailey   | Noticed an orc knight
 11595 | Bailey   | Reached skill level 4 in Ice Magic
 11612 | Bailey   | Killed an orc knight
 11613 | Bailey   | Reached skill level 6 in Conjurations
 11613 | Bailey   | Reached skill level 6 in Air Magic
 11666 | Bailey   | Reached XP level 11. HP: 63/63 MP: 19/19
 11901 | Bailey   | Noticed an orc knight
 11919 | Bailey   | Killed an orc knight
 11920 | Bailey   | Reached skill level 7 in Conjurations
 11920 | Bailey   | Reached skill level 7 in Air Magic
 12024 | Bailey   | Found an iron altar of Okawaru.
 12024 | Bailey   | Noticed an orc high priest
 12030 | Bailey   | Reached skill level 5 in Ice Magic
 12031 | Bailey   | Killed an orc high priest
 12062 | Bailey   | Identified the +1 ring mail "Jorupp" {+Blink rC- Stlth+}
 12127 | Bailey   | Acquired a book of Burglary
 12129 | Bailey   | Acquired the Treatise on Forceful Spellbinding
 12131 | Bailey   | Acquired the +1 pair of gloves of the Sun {rF+ Int+5}
 12173 | D:9      | Offered knowledge of Inner Flame by Vehumet.
 12179 | D:9      | Reached skill level 8 in Conjurations
 12179 | D:9      | Reached skill level 8 in Air Magic
 12332 | D:9      | Noticed a purple ugly thing
 12341 | D:9      | Killed a purple ugly thing
 12557 | D:9      | HP: 11/63 [troll (11)]
 12557 | D:9      | HP: 3/63 [troll (8)]
 12557 | D:9      | Slain by a troll

Illustrated notes

Levels and vault maps discovered:
D:1:      dpeg_arrival_rooms_b, layout_basic, minmay_pentomino_u4
D:2:      layout_basic, minivault_24, minmay_splitting_lines, hex_intersection,
          uniq_jessica
D:3:      layout_loops_ring, kennysheep_okawaru_gauntlet,
          kennysheep_generic_room_16
D:4:      layout_basic, lemuel_tele_altar, amcnicky_mini_pool_small,
          nicolae_the_louvre
D:5:      layout_basic, portal_sewer_entry_f, minmay_misc_feat_more_columns
D:6:      layout_basic, minmay_small_thing
D:7:      layout_basic, grunt_temple_overflow_open, minmay_temple_entry_glass,
          uniq_menkaure, uniq_maggie
D:8:      layout_loops_ring, old_standard_altar, nicolae_doodle_vault
D:9:      layout_roguey, lemuel_mausoleum_altar_yredelemnul, enter_bailey_4
Temple:   hellmonk_temple_two_chambers

Skill      XL: |  1  2  3  4  5  6  7  8  9 10 11 |
---------------+----------------------------------+-----
Fighting       | 1 2 3 5 |  5.0
Necromancy     | 5 6 8 10 11 12 | 12.0
Spellcasting   | 3 4 5 6 |  6.0
Evocations     | 1 |  1.0
Summonings     | 3 5 |  5.1
Conjurations   | 2 6 8 |  8.6
Air Magic      | 2 6 8 |  8.6
Ice Magic      | 1 4 5 |  5.0
Dodging        | |  2.1
Stealth        | |  2.0

Action                     |  1- 3 |  4- 6 |  7- 9 | 10-12 || total
---------------------------+-------+-------+-------+-------++-------
  Melee: Short sword       |    26 |       |       |       ||    26
         Peck              |     3 |     8 |    17 |    16 ||    44
         Kick              |     8 |    17 |    19 |    27 ||    71
         Dagger            |     8 |    57 |    79 |    73 ||   217
         Staff             |       |       |       |    10 ||    10
   Fire: Sling             |     1 |       |       |       ||     1
  Throw: Stone             |       |     1 |       |       ||     1
   Cast: Necrotise         |    67 |    90 |   100 |     8 ||   265
         Animate Dead      |       |     2 |       |       ||     2
         Vampiric Draining |       |     3 |    75 |    50 ||   128
         Martyr's Knell    |       |       |     7 |     4 ||    11
         Dispel Undead     |       |       |     3 |     9 ||    12
         Freezing Cloud    |       |       |       |    26 ||    26
    Use: Scroll            |     2 |     2 |     4 |     5 ||    13
         Potion            |       |     2 |       |     3 ||     5
   Stab: Sleeping          |     1 |     3 |       |     1 ||     5
 Armour: Robe              |    35 |    52 |    83 |       ||   170
         Steam dragon scal |       |       |    21 |   112 ||   133
  Dodge: Dodged            |    58 |    54 |   188 |   143 ||   443

Table legend: (Time is in decaauts)
 A = Elapsed time spent in this place.
 B = Non-inter-level travel time spent in this place.
 C = Inter-level travel time spent in this place.
 D = Time resting spent in this place.
 E = Time spent auto-exploring this place.
 F = Levels seen in this place.
 G = Mean time per level.
                   A        B        C        D        E       F      G
               +--------+--------+--------+--------+--------+-----+--------+
         Total |  12554 |  12224 |    330 |   1540 |   7763 |  12 | 1046.2 |
       Dungeon |  10798 |  10477 |    321 |   1111 |   7293 |   9 | 1199.8 |
        Temple |     29 |     20 |      9 |      0 |      0 |   1 |   29.0 |
         Sewer |    622 |    622 |      0 |    183 |     64 |   1 |  622.0 |
        Bailey |   1103 |   1103 |      0 |    246 |    406 |   1 | 1103.0 |
               +--------+--------+--------+--------+--------+-----+--------+

Top non-repeatable levels by time:
     D:4: 1731 daAuts
     D:6: 1501 daAuts
     D:5: 1369 daAuts
     D:2: 1332 daAuts
     D:7: 1211 daAuts
     D:1: 1115 daAuts
  Bailey: 1103 daAuts
     D:8: 1053 daAuts
     D:3: 859 daAuts
   Sewer: 622 daAuts
     D:9: 622 daAuts
  Temple: 29 daAuts

Levels and vault maps discovered:
D:1:      dpeg_arrival_rooms_b, layout_basic, minmay_pentomino_u4
D:2:      layout_basic, minivault_24, minmay_splitting_lines, hex_intersection,
          uniq_jessica
D:3:      layout_loops_ring, kennysheep_okawaru_gauntlet,
          kennysheep_generic_room_16
D:4:      layout_basic, lemuel_tele_altar, amcnicky_mini_pool_small,
          nicolae_the_louvre
D:5:      layout_basic, portal_sewer_entry_f, minmay_misc_feat_more_columns
D:6:      layout_basic, minmay_small_thing
D:7:      layout_basic, grunt_temple_overflow_open, minmay_temple_entry_glass,
          uniq_menkaure, uniq_maggie
D:8:      layout_loops_ring, old_standard_altar, nicolae_doodle_vault
D:9:      layout_roguey, lemuel_mausoleum_altar_yredelemnul, enter_bailey_4
Temple:   hellmonk_temple_two_chambers

Table legend: (Time is in decaauts)
 A = Elapsed time spent in this place.
 B = Non-inter-level travel time spent in this place.
 C = Inter-level travel time spent in this place.
 D = Time resting spent in this place.
 E = Time spent auto-exploring this place.
 F = Levels seen in this place.
 G = Mean time per level.
                   A        B        C        D        E       F      G
               +--------+--------+--------+--------+--------+-----+--------+
         Total |  12554 |  12224 |    330 |   1540 |   7763 |  12 | 1046.2 |
       Dungeon |  10798 |  10477 |    321 |   1111 |   7293 |   9 | 1199.8 |
        Temple |     29 |     20 |      9 |      0 |      0 |   1 |   29.0 |
         Sewer |    622 |    622 |      0 |    183 |     64 |   1 |  622.0 |
        Bailey |   1103 |   1103 |      0 |    246 |    406 |   1 | 1103.0 |
               +--------+--------+--------+--------+--------+-----+--------+

Top non-repeatable levels by time:
     D:4: 1731 daAuts
     D:6: 1501 daAuts
     D:5: 1369 daAuts
     D:2: 1332 daAuts
     D:7: 1211 daAuts
     D:1: 1115 daAuts
  Bailey: 1103 daAuts
     D:8: 1053 daAuts
     D:3: 859 daAuts
   Sewer: 622 daAuts
     D:9: 622 daAuts
  Temple: 29 daAuts

Table legend:
 A = Kills in this place as a percentage of kills in the entire game.
 B = Kills by you in this place as a percentage of kills by you in the entire game.
 C = Kills by friends in this place as a percentage of kills by friends in the entire game.
 D = Other kills in this place as a percentage of other kills in the entire game.
 E = Experience gained in this place as a percentage of experience gained in the entire game.
 F = Experience gained in this place divided by the number of levels of this place that you have seen.
                   A       B       C       D       E      F
               +-------+-------+-------+-------+-------+----------------------
         Total | 100.0 | 100.0 | 100.0 |   N/A | 100.0 | 1110.4
       Dungeon |  68.0 |  69.6 |  40.0 |   N/A |  64.2 | 949.9
         Sewer |  16.2 |  13.7 |  60.0 |   N/A |   2.8 | 371.0
        Bailey |  15.8 |  16.7 |   0.0 |   N/A |  33.1 | 4405.0
               +-------+-------+-------+-------+-------+----------------------
